 Dungeon Crawl Stone Soup version 0.27-a0-1324-ge0d8e047f6 (webtiles) character file.

Game seed: 12390049530144158342

93 night the Stinger (level 4, -5/36 HPs)
             Began as a Naga Venom Mage on June 23, 2021.
             Slain by a black bear (9 damage)
             ... on level 3 of the Dungeon.
             The game lasted 00:04:42 (3049 turns).

night the Stinger (Naga Venom Mage)                 Turns: 3049, Time: 00:04:42

Health: -5/36      AC:  3    Str: 10    XL:     4   Next: 61%
Magic:  0/8        EV:  9    Int: 16    God:
Gold:   92         SH:  3    Dex: 12    Spells: 3/9 levels left

rFire    . . .     SeeInvis +   f - +1 dagger (flame)
rCold    . . .     Faith    .   b - +0 buckler
rNeg     . . .     Spirit   .   a - +0 robe
rPois    +         Reflect  .   c - +0 helmet
rElec    .         Harm     .   d - scarf {+Inv}
rCorr    .         Rampage  .   (no gloves)
Will     .....                  (no barding)
Stlth    ++........             (no amulet)
HPRegen  0.12/turn              (no ring)
MPRegen  0.11/turn              (no ring)

@: very slightly contaminated, very slow
A: AC +1, large, see invisible, deformed body, poison resistance, slowness 2,
spit poison 1, naga tail 1
a: Spit Poison, Evoke Invisibility


You were on level 3 of the Dungeon.
You visited 1 branch of the dungeon, and saw 3 of its levels.

You collected 92 gold pieces.

Inventory:

Hand Weapons
 f - a +1 dagger of flaming (weapon)
Missiles
 g - 11 stones
 h - a throwing net
 j - 33 sling bullets
 k - 4 boomerangs
Armour
 a - a +0 robe (worn)
 b - a +0 buckler (worn)
 c - a +0 helmet (worn)
 d - a scarf of invisibility (worn)
Jewellery
 i - a ring of willpower
Potions
 e - a potion of ambrosia {unknown}
 l - a potion of attraction {unknown}


   Skills:
 - Level 1.5 Dodging
 - Level 3.0 Stealth
 + Level 3.0 Spellcasting
 - Level 1.0 Transmutations
 + Level 6.1 Poison Magic


You had 3 spell levels left.
You knew the following spells:

 Your Spells              Type           Power      Damage    Failure   Level
a - Sting                 Tmut/Pois      52%        1d5       8%          1
b - Poisonous Vapours     Pois/Air       24%        N/A       14%         2
e - Mephitic Cloud        Conj/Pois/Air  8%         N/A       38%         3

Your spell library contained the following spells:

 Spells                   Type           Power      Damage    Failure   Level
 Ignite Poison            Fire/Tmut/Pois 10%        N/A       34%         3
 Confusing Touch          Hex            2%         N/A       67%         3
 Gell's Gravitas          Tloc           1%         N/A       67%         3
 Olgreb's Toxic Radiance  Pois           22%        N/A       26%         4
 Petrify                  Tmut/Erth      4%         N/A       94%         4
 Metabolic Englaciation   Hex/Ice        1%         N/A       100%        5
 Yara's Violent Unravell  Hex/Tmut       2%         3d3       100%        5


Dungeon Overview and Level Annotations

Branches:
Dungeon (3/15)

Altars:


Innate Abilities, Weirdness & Mutations

Your serpentine skin is tough. (AC +1)
You have supernaturally acute eyesight. (SInv)
Armour fits poorly on your strangely shaped body.
Your system is resistant to poisons. (rPois)
You cover ground very slowly.
You can spit poison.
You have a snake-like lower body.


Message History

Aim: a black bear (lightly wounded, poisoned, chance to affect: 72%)
You miscast Mephitic Cloud.
Nothing appears to happen.
Press: ? - help, Shift-Dir - straight line, f/p - black bear
Aim: a black bear (lightly wounded, poisoned)
The splash of poison hits the black bear!
The black bear is heavily wounded.
The black bear bites you but does no damage.
The black bear claws you but does no damage.
The black bear barely misses you.
Casting: Mephitic Cloud (quite dangerous; 38% risk of failure)
Confirm with . or Enter, or press ? or * to list all spells.
Aiming: Sting (safe; 8% risk of failure)
Press: ? - help, Shift-Dir - straight line, f/p - black bear
Aim: a black bear (heavily wounded, poisoned, 79% to hit)
The sting misses the black bear.
The black bear bites you but does no damage.
The black bear barely misses you. x2
You completely miss the black bear.
The black bear is severely wounded.
The black bear looks more healthy.
You block the black bear's attack. The black bear barely misses you.
The black bear claws you.
There is an open door here.
Casting: Sting (safe; 8% risk of failure)
Confirm with . or Enter, or press ? or * to list all spells.
Aiming: Sting (safe; 8% risk of failure)
Press: ? - help, Shift-Dir - straight line, f/p - black bear
Aim: a black bear (severely wounded, 79% to hit)
The sting hits the black bear.
The black bear is poisoned.
The black bear is severely wounded.
The black bear goes berserk!
You have got your breath back.
The black bear bites you! The black bear claws you. x2
You hit the black bear but do no damage.
The black bear is severely wounded.
The black bear completely misses you. The black bear claws you.
* * * LOW HITPOINT WARNING * * *
The black bear claws you.
* * * LOW HITPOINT WARNING * * *
The black bear bites you!
You die...

#.#####.......##.##.##.
###.....##....... #
##.#####.##.#.. .. ##)##
#....... #. #### ##...##
#.##...# .. ..#
##.....###.####.# ##.
#.###.......##......#
###...#.##...>.....####...#
........rh@........+.......
###...#.##.........####...#
##. #.###.......######..# #
#.# ##.....###....... #.#
##...## #.####.# #.# ##+##
#.# #..# #.# #.# #.# #.##
..# #.# #.# #.# ##.##
#.###.##


You could see a black bear (berserk, poisoned) and a rat.

Vanquished Creatures
  A gnoll (D:1)
  4 adders
  A dart slug (D:1)
  8 endoplasms
  2 giant cockroaches
  5 goblins
  2 hobgoblins (D:1)
  4 jackals (D:1)
  2 kobolds
  A quokka (D:1)
  7 bats
  3 frilled lizards
  A rat (D:1)
41 creatures vanquished.

Notes
Turn   | Place    | Note
-------+----------+-------------------------------------------
     0 | D:1      | night the Naga Venom Mage began the quest for the Orb.
     0 | D:1      | Reached XP level 1. HP: 15/15 MP: 3/3
   400 | D:1      | Reached XP level 2. HP: 17/22 MP: 1/5
   605 | D:1      | Reached skill level 5 in Poison Magic
   607 | D:1      | Reached XP level 3. HP: 17/28 MP: 1/6
   757 | D:1      | Learned a level 2 spell: Poisonous Vapours
  1196 | D:1      | Found a faded altar of an unknown god.
  2113 | D:2      | Reached XP level 4. HP: 26/36 MP: 5/8
  2791 | D:3      | Reached skill level 6 in Poison Magic
  2796 | D:3      | Learned a level 3 spell: Mephitic Cloud
  3038 | D:3      | Noticed a black bear
  3049 | D:3      | HP: 4/36 [black bear (6)]
  3049 | D:3      | Slain by a black bear

Illustrated notes

Levels and vault maps discovered:
D:1:      dpeg_arrival_long_road, layout_loops_corners,
          hellmonk_ecumenical_altar_run_dry
D:2:      layout_basic, minmay_misc_feat_alley
D:3:      layout_loops_corners

Skill      XL: |  1  2  3  4 |
---------------+-------------+-----
Poison Magic   | 5 6 |  6.1
Spellcasting   | 3 |  3.0
Dodging        | |  1.5
Stealth        | |  3.0
Transmutations | |  1.0

Action                   |  1- 3 |  4- 6 || total
-------------------------+-------+-------++-------
Melee: Unarmed           |    31 |       ||    31
       Dagger            |     5 |    16 ||    21
 Cast: Sting             |    42 |    11 ||    53
       Poisonous Vapours |     9 |     6 ||    15
 Abil: Spit Poison       |     7 |     1 ||     8
  Use: Scroll            |       |     1 ||     1
Armor: Robe              |    16 |     9 ||    25
Dodge: Dodged            |    30 |    16 ||    46
Block: Buckler           |     9 |     2 ||    11

Table legend: (Time is in decaauts)
 A = Elapsed time spent in this place.
 B = Non-inter-level travel time spent in this place.
 C = Inter-level travel time spent in this place.
 D = Time resting spent in this place.
 E = Time spent auto-exploring this place.
 F = Levels seen in this place.
 G = Mean time per level.
                   A        B        C        D        E       F      G
               +--------+--------+--------+--------+--------+-----+--------+
         Total |   3767 |   3680 |     87 |      4 |   3318 |   3 | 1255.7 |
       Dungeon |   3767 |   3680 |     87 |      4 |   3318 |   3 | 1255.7 |
               +--------+--------+--------+--------+--------+-----+--------+

Top non-repeatable levels by time:
     D:1: 1888 daAuts
     D:2: 1251 daAuts
     D:3: 627 daAuts
